AoeStats
← Jan Itor

MegaRandom

510405133Analyzed
4v4 RM · 17h ago on Sep 30, 2026· 33m 51s· 8 players
Game mode
Random Map
Map size
Large (8 player)
Population
200
Speed
Normal
Resources
Standard
Victory
Conquest
Starting age
Dark Age
Ending age
Imperial Age
RankedLock teamsTeams togetherTeam positionsShared explorationLock speedFull tech treeHidden civsTurbo modeCheats
Victory
Defeat
🇨🇱 Chinese · Chile
1842
+3
🇩🇪 Wu · Germany
1834
+3
🇧🇪 Franks · Belgium
1684
+6
🇨🇳 Mongols · China
1597
+8
🇧🇷 Romans · Brazil
1462
-5
🇩🇪 Dravidians · Germany
1452
-5
🇹🇷 Saxons · Türkiye
1434
-5
🇹🇷 Aztecs · Türkiye
1427
-5
Komi
12:00 Feudal Age
14:16 Loom
21:06 Castle Age
19:02 Double-Bit Axe
22:01 Bow Saw
23:30 Wheelbarrow
26:38 Scale Barding Armor
27:22 Husbandry
30:46 Hand Cart
30:16 Town Watch
30:53 Forging
31:07 Chain Barding Armor
30:57 Forging
Bz_青红
14:52 Feudal Age
19:00 Castle Age
17:27 Double-Bit Axe
17:41 Horse Collar
20:11 Bow Saw
22:42 Fletching
25:18 Loom
26:37 Bodkin Arrow
28:08 Ballistics
29:25 Wheelbarrow
33:18 Imperial Age
30:56 Gold Mining
31:46 Bodkin Arrow
32:50 Hand Cart
33:22 Padded Archer Armor
34:05 Bloodlines
33:23 Capped Ram
HR 2666
3:10 Loom
10:53 Feudal Age
11:38 Double-Bit Axe
13:34 Horse Collar
21:42 Castle Age
20:49 Forging
21:46 Scale Barding Armor
21:39 Gold Mining
21:59 Light Cavalry
24:26 Chain Barding Armor
25:14 Husbandry
26:00 Bloodlines
29:16 Wheelbarrow
Jan Itor
11:19 Loom
13:19 Feudal Age
11:38 Loom
16:54 Castle Age
15:22 Town Watch
20:27 Double-Bit Axe
20:48 Horse Collar
24:18 Fletching
25:34 Bodkin Arrow
28:07 Wheelbarrow
28:25 Red Cliffs Tactics
28:55 Padded Archer Armor
30:08 Ballistics
33:02 Leather Archer Armor
33:05 Hand Cart
33:03 Bow Saw
Kempinho
3:58 Loom
13:02 Feudal Age
14:24 Town Watch
18:42 Castle Age
16:41 Horse Collar
GuguBot
13:29 Feudal Age
17:02 Castle Age
15:31 Gold Mining
16:19 Loom
18:30 Scale Barding Armor
18:47 Double-Bit Axe
20:49 Fervor
21:47 Fletching
25:17 Scale Barding Armor
klostrofobikköstebek
6:28 Loom
13:25 Feudal Age
18:04 Castle Age
22:02 Wheelbarrow
21:48 Padded Archer Armor
21:39 Fletching
21:46 Horse Collar
21:52 Double-Bit Axe
21:58 Gold Mining
25:36 Leather Archer Armor
27:22 Crossbowman
Tameryig1t
14:42 Feudal Age
19:25 Castle Age
17:28 Double-Bit Axe
24:21 Loom
28:18 Wheelbarrow
30:40 Ballistics
30:44 Fletching
30:56 Scale Mail Armor
31:06 Forging
31:54 Bodkin Arrow
32:43 Bow Saw
32:16 Horse Collar
32:29 Stone Mining
32:30 Gold Mining
33:15 Chain Mail Armor
33:59 Forging
Connection lost

Rejoining the realm…

Still unreachable

The connection could not be restored.

Session expired

The server has moved on; the page needs a fresh start.